 Dungeon Crawl Stone Soup version 0.28.0 (webtiles) character file.

Game seed: 5924149253195067423

284 sasquatch the Cudgeller (level 6, 0/59 HPs)
             Began as a Troll Monk on Feb 7, 2022.
             Was a Priest of Kikubaaqudgha.
             Slain by a black bear (12 damage)
             ... on level 4 of the Dungeon.
             The game lasted 00:02:57 (2428 turns).

sasquatch the Cudgeller (Troll Monk)                Turns: 2428, Time: 00:02:57

Health: 0/59       AC:  4    Str: 22    XL:     6   Next: 7%
Magic:  5/5        EV: 10    Int:  6    God:    Kikubaaqudgha [***...]
Gold:   124        SH:  0    Dex: 12    Spells: 5/5 levels left

rFire   . . .      SeeInvis .   a - +0 mace
rCold   . . .      Faith    .   (no shield)
rNeg    . . .      Spirit   .   b - +0 robe
rPois   .          Reflect  .   (helmet restricted)
rElec   .          Harm     .   (no cloak)
rCorr   .          Rampage  .   (gloves unavailable)
Will    .....                   (boots unavailable)
Stlth   ++........              (no amulet)
HPRegen 0.99/turn               (no ring)
MPRegen 0.09/turn               (no ring)

@: no status effects
A: large, unfitting armour, claws 3, regeneration 1, shaggy fur 1, tough skin 1
a: Renounce Religion, Receive Corpses


You were on level 4 of the Dungeon.
You worshipped Kikubaaqudgha.
Kikubaaqudgha was most pleased with you.
You visited 1 branch of the dungeon, and saw 4 of its levels.

You collected 124 gold pieces.

Inventory:

Hand Weapons
 a - a +0 mace (weapon)
Missiles
 j - 3 poisoned darts (quivered)
Armour
 b - a +0 robe (worn)
Jewellery
 g - a ring of protection from fire
Scrolls
 c - 3 scrolls of identify {unknown}
 h - a scroll of teleportation {unknown}
 k - a scroll of fog {unknown}
Potions
 d - a potion of ambrosia {unknown}
 e - a potion of curing
 f - a potion of flight {unknown}
 i - a potion of heal wounds {unknown}
 l - a potion of cancellation {unknown}


   Skills:
 - Level 2.4 Fighting
 + Level 4.8 Maces & Flails
 - Level 2.4 Dodging
 + Level 2.8 Stealth


You had 5 spell levels left.
You didn't know any spells.
Your spell library contained the following spells:

 Spells                   Type           Power      Damage    Failure   Level
 Animate Skeleton         Necr           0%         N/A       45%         1
 Beastly Appendage        Tmut           0%         N/A       45%         1
 Pain                     Necr           0%         1d4       45%         1
 Sublimation of Blood     Necr           0%         N/A       58%         2
 Wereblood                Tmut           0%         N/A       58%         2
 Spider Form              Tmut/Pois      0%         N/A       83%         3
 Animate Dead             Necr           0%         N/A       99%         4
 Dispel Undead            Necr           0%         3d6       99%         4
 Agony                    Necr           0%         N/A       100%        5
 Borgnjor's Vile Clutch   Necr/Erth      0%         N/A       100%        5
 Excruciating Wounds      Necr           0%         N/A       100%        5
 Death Channel            Necr           0%         N/A       100%        6


Dungeon Overview and Level Annotations

Branches:
Dungeon (4/15)
 Temple: D:4-7

Altars:
Kikubaaqudgha

Shops:
D:2 :[*


Innate Abilities, Weirdness & Mutations

You are too large for most types of armour.
You have claws for hands.
Your natural rate of healing is unusually fast.
You are covered in fur. (AC +1)
You have tough skin. (AC +1)


Message History

Unknown command.
You hit the black bear.
The black bear is severely wounded.
The black bear bites you. The black bear completely misses you.
The black bear claws you.
You completely miss the black bear.
The black bear is severely wounded.
The black bear bites you.
The black bear claws you but does no damage. x2
Unknown command.
You barely miss the black bear.
The black bear is severely wounded.
The black bear bites you. The black bear barely misses you.
The black bear claws you but does no damage.
You hit the black bear but do no damage.
The black bear is severely wounded.
The black bear bites you. The black bear claws you.
The black bear barely misses you.
Unknown command.
You hit the black bear but do no damage.
The black bear is severely wounded.
The black bear bites you but does no damage.
The black bear completely misses you. The black bear claws you.
The black bear bites you.
* * * LOW HITPOINT WARNING * * *
The black bear claws you but does no damage.
The black bear misses you.
You hit the black bear.
The black bear is severely wounded.
The black bear goes berserk!
Unknown command.
You hit the black bear.
The black bear is almost dead.
The black bear bites you.
* * * LOW HITPOINT WARNING * * *
The black bear claws you.
* * * LOW HITPOINT WARNING * * *
The black bear closely misses you. The black bear bites you!
You die...
Kikubaaqudgha rasps: "You have failed me!
Welcome... death!"

....... ..... ... ##.# #...#
###.)# #####...## # #...##
#..#8...8 # # #?###
#..##...#
#.#.##########..##...#
#.....oh@.##.#..##...####
#.....###.......#8...8#..
$.........######...##...##..
............# #............
............# #..#.........
............# #............
............# ..............
.<..........#
.........#.....
.........#...........#.....


You could see a black bear (berserk) and an orc.

Vanquished Creatures
  A scorpion (D:3)
  A howler monkey (D:3)
  An orc priest (D:4)
  Natasha (twice) (D:3)
  3 adders (D:3)
  2 worms (D:2)
  4 dart slugs
  8 orcs
  6 ball pythons
  4 endoplasms
  A giant cockroach (D:1)
  9 goblins
  6 hobgoblins
  2 jackals (D:3)
  8 bats
  3 frilled lizards
  4 kobolds
  2 rats (D:2)
67 creatures vanquished.

Notes
Turn   | Place    | Note
-------+----------+-------------------------------------------
     0 | D:1      | sasquatch the Troll Monk began the quest for the Orb.
     0 | D:1      | Reached XP level 1. HP: 22/22 MP: 0/0
    75 | D:1      | Reached skill level 3 in Maces & Flails
    75 | D:1      | Reached XP level 2. HP: 28/29 MP: 1/1
   226 | D:1      | Reached XP level 3. HP: 36/36 MP: 2/2
   489 | D:1      | Found a faded altar of an unknown god.
   590 | D:1      | Prayed at the altar of an unknown god.
   590 | D:1      | Became a worshipper of Kikubaaqudgha
   590 | D:1      | Reached * piety under Kikubaaqudgha
   590 | D:1      | Received a gift from Kikubaaqudgha
   590 | D:1      | Reached ** piety under Kikubaaqudgha
   874 | D:2      | Found Kugutass's Assorted Antiques.
  1095 | D:2      | Found Taucw's Book Shop.
  1158 | D:2      | Found Cyankurph's Armour Boutique.
  1408 | D:3      | Reached *** piety under Kikubaaqudgha
  1408 | D:3      | Received a gift from Kikubaaqudgha
  1409 | D:3      | Reached XP level 4. HP: 32/44 MP: 3/3
  1644 | D:3      | Reached skill level 4 in Maces & Flails
  1799 | D:3      | Noticed a scorpion
  1813 | D:3      | Killed a scorpion
  1814 | D:3      | Reached XP level 5. HP: 37/50 MP: 4/4
  1979 | D:3      | Noticed Natasha
  2007 | D:3      | Killed Natasha
  2135 | D:3      | Noticed Natasha
  2152 | D:3      | Killed Natasha
  2396 | D:4      | Noticed a black bear
  2403 | D:4      | Reached XP level 6. HP: 46/59 MP: 5/5
  2428 | D:4      | Slain by a black bear

Illustrated notes

Levels and vault maps discovered:
D:1:      dpeg_arrival_chambers_temple_mockup, layout_basic,
          hellmonk_ecumenical_altar_heavens_door, minmay_statues_item
D:2:      layout_loops_ring, serial_shops, nicolae_shop_stone, shop, shop
D:3:      layout_loops_corners, uniq_natasha
D:4:      layout_rooms, serial_corexii_hall, corexii_hall_statues_x,
          chequers_hall_statues_corner_a

Skill      XL: |  1  2  3  4 |
---------------+-------------+-----
Maces & Flails | 3 4 |  4.8
Stealth        | 2 |  2.8
Fighting       | |  2.4
Dodging        | |  2.4

Action                   |  1- 3 |  4- 6 || total
-------------------------+-------+-------++-------
Melee: Mace              |   118 |   161 ||   279
       Punch             |     1 |     2 ||     3
 Stab: Sleeping          |     4 |     1 ||     5
Armor: Robe              |    44 |    58 ||   102
Dodge: Dodged            |    68 |    98 ||   166
